 Dungeon Crawl Stone Soup version 0.28.0-43-g3370ac3207 (webtiles) character file.

Game seed: 12563792090507544041

337 Ablot the Grasshopper (level 6, -1/51 HPs)
             Began as a Gnoll Warper on Mar 28, 2022.
             Killed from afar by a steam dragon (15 damage)
             ... with a ball of steam
             ... on level 4 of the Dungeon.
             The game lasted 00:06:01 (4957 turns).

Ablot the Grasshopper (Gnoll Warper)                Turns: 4957, Time: 00:06:01

Health: -1/51      AC:  7    Str: 12    XL:     6   Next: 54%
Magic:  14/14      EV: 13    Int: 12    God:
Gold:   117        SH:  0    Dex: 12    Spells: 13/15 levels left

rFire   . . .      SeeInvis .   a - +0 spear
rCold   + . .      Faith    .   (no shield)
rNeg    . . .      Spirit   .   q - +2 leather armour {rC+}
rPois   .          Reflect  .   v - +0 helmet
rElec   .          Harm     .   t - +0 cloak
rCorr   .          Rampage  .   (no gloves)
Will    .....                   (no boots)
Stlth   ++........              (no amulet)
HPRegen 0.17/turn               (no ring)
MPRegen 0.14/turn               (no ring)

@: no status effects
A: fangs 1, strong nose, distributed training
a: no special abilities


You were on level 4 of the Dungeon.
You visited 1 branch of the dungeon, and saw 4 of its levels.

You collected 117 gold pieces.

Inventory:

Hand Weapons
 a - a +0 spear (weapon)
Missiles
 d - 5 boomerangs of dispersal
 g - 45 bolts
 h - 96 stones
 r - 3 silver javelins (quivered)
Armour
 q - a +2 leather armour of cold resistance (worn)
 t - a +0 cloak (worn)
 v - a +0 helmet (worn)
Jewellery
 b - an amulet of faith
Wands
 k - a wand of flame (22)
 n - a wand of polymorph (3)
 p - a wand of charming (8)
Scrolls
 c - a scroll of blinking
 f - 5 scrolls of identify {unknown}
 i - a scroll of teleportation {unknown}
 l - a scroll of noise {unknown}
 m - a scroll of enchant weapon {unknown}
 u - a scroll of vulnerability {unknown}
Potions
 e - a potion of resistance {unknown}
 j - 2 potions of degeneration {unknown}
 o - 2 potions of flight {unknown}
 s - 2 potions of might {unknown}


   Skills:
 + Level 5.0 Fighting
 + Level 2.0 Short Blades
 + Level 2.0 Long Blades
 + Level 2.0 Axes
 + Level 2.0 Maces & Flails
 + Level 5.0 Polearms
 + Level 2.0 Staves
 + Level 2.0 Slings
 + Level 2.0 Bows
 + Level 2.0 Crossbows
 + Level 3.3 Throwing
 + Level 3.3 Armour
 + Level 5.0 Dodging
 + Level 2.0 Stealth
 + Level 2.0 Shields
 + Level 2.0 Unarmed Combat
 + Level 5.4 Spellcasting
 + Level 1.6 Conjurations
 + Level 1.6 Hexes
 + Level 1.6 Summonings
 + Level 1.6 Necromancy
 + Level 5.7 Translocations
 + Level 1.6 Transmutations
 + Level 1.6 Fire Magic
 + Level 1.6 Ice Magic
 + Level 1.6 Air Magic
 + Level 1.6 Earth Magic
 + Level 1.6 Poison Magic
 + Level 2.2 Invocations
 + Level 2.0 Evocations


You had 13 spell levels left.
You knew the following spells:

 Your Spells              Type           Power      Damage    Failure   Level
a - Blink                 Tloc           32%        N/A       3%          2

Your spell library contained the following spells:

 Spells                   Type           Power      Damage    Failure   Level
 Gell's Gravitas          Tloc           16%        N/A       7%          3
 Lesser Beckoning         Tloc           16%        N/A       7%          3
 Teleport Other           Tloc           16%        N/A       7%          3
 Shock                    Conj/Air       28%        1d4       13%         1
 Swiftness                Air            7%         N/A       36%         3
 Tukima's Dance           Hex            7%         N/A       36%         3
 Manifold Assault         Tloc           16%        N/A       54%         5
 Airstrike                Air            3%         N/A       77%         4
 Anguish                  Hex/Necr       3%         N/A       77%         4
 Freezing Cloud           Conj/Ice/Air   3%         6-21      98%         5
 Simulacrum               Ice/Necr       3%         N/A       100%        6
 Enfeeble                 Hex            3%         N/A       100%        7
 Polar Vortex             Ice            3%         N/A       100%        9


Dungeon Overview and Level Annotations

Branches:
Dungeon (4/15)
 Temple: D:4-7

Altars:

Portals:
Sewer: D:4

Annotations:
D:2 1 runed translucent door, 1 exclusion, Crazy Yiuf


Innate Abilities, Weirdness & Mutations

You have very sharp teeth.
Your uncanny sense of smell can sniff out nearby items.
Your experience applies equally to all skills.


Message History

You hit the hound skeleton.
You destroy the hound skeleton!
Unknown command.
r - 4 silver javelins (gained 2)
r - 5 silver javelins (gained 1)
You start resting.
Magic restored.
You start resting.
You hear the rapid rusting of a drain very nearby.
A bat comes into view.
You are too injured to fight recklessly!
You are too injured to fight recklessly!
Found a glowing drain.
The bat hits you.
* * * LOW HITPOINT WARNING * * *
You are too injured to fight recklessly!
You are too injured to fight recklessly!
You are too injured to fight recklessly!
You miss the bat. Your bite misses the bat. The bat closely misses you.
The bat hits you but does no damage.
You hit the bat.
You kill the bat!
You see here a bat corpse.
A worm and a steam dragon come into view.
Found a fuming pink potion.
Throw: 5 javelins (silver)
Press: ? - help, Q - select action, (/) - cycle Shift-Dir - straight line, f - steam dragon
Aim: a steam dragon (60% to hit)
You throw a silver javelin.
The silver javelin completely misses the steam dragon.
You hear a splash.
Throw: 4 javelins (silver)
Press: ? - help, Q - select action, (/) - cycle Shift-Dir - straight line, f/p - steam dragon
Aim: a steam dragon (60% to hit)
You throw a silver javelin.
The silver javelin pierces through the steam dragon!
The steam dragon is heavily wounded.
You hear a splash.
The steam dragon breathes steam at you. The ball of steam hits you!
You die...

###### ####
#....########## #...
#........#....### #.##
#....###.#......# #...
#....###.......)#######
#........##...........#
#......#.##.#.#######.#
#.....@#.##.#.#.....#.#
#....§.#....#.#.#...#..
∆
###.§..######.#.....#..
###......$# #.#...#...†
#†.....##.# #.#...###..
#D#....# # #........
#.w..........#
#.#.#####
..D##(≈.≈≈##.#
#.#.#.... #≈≈.≈≈# .#
#####.#.#.###


There were no monsters in sight!

Vanquished Creatures
  A phantom (D:4)
  Jessica (D:2)
  Ijyb (D:3)
  Natasha (thrice) (D:3)
  A hound skeleton (D:4)
  Robin (D:4)
  3 adders (D:3)
  3 worms
  2 dart slugs
  2 orcs
  9 ball pythons
  5 bats
  4 endoplasms
  A giant cockroach (D:4)
  16 goblins
  8 hobgoblins
  A quokka (D:1)
  4 frilled lizards
  4 kobolds
  5 rats
75 creatures vanquished.

Vanquished Creatures (others)
  A plant (D:3)
1 creature vanquished.

Grand Total: 76 creatures vanquished

Notes
Turn   | Place    | Note
-------+----------+-------------------------------------------
     0 | D:1      | Ablot the Gnoll Warper began the quest for the Orb.
     0 | D:1      | Reached XP level 1. HP: 20/20 MP: 6/6
   363 | D:1      | Reached XP level 2. HP: 26/26 MP: 7/7
   366 | D:1      | Learned a level 2 spell: Blink
  1131 | D:1      | Found a faded altar of an unknown god.
  1572 | D:2      | Reached XP level 3. HP: 31/31 MP: 9/9
  1586 | D:2      | Reached skill level 5 in Spellcasting
  1911 | D:2      | Noticed Jessica
  1922 | D:2      | Killed Jessica
  1923 | D:2      | Reached skill level 1 in Short Blades
  1923 | D:2      | Reached skill level 1 in Long Blades
  1923 | D:2      | Reached skill level 1 in Axes
  1923 | D:2      | Reached skill level 1 in Maces & Flails
  1923 | D:2      | Reached skill level 1 in Staves
  1923 | D:2      | Reached skill level 1 in Slings
  1923 | D:2      | Reached skill level 1 in Bows
  1923 | D:2      | Reached skill level 1 in Crossbows
  1923 | D:2      | Reached skill level 1 in Stealth
  1923 | D:2      | Reached skill level 1 in Shields
  1923 | D:2      | Reached skill level 1 in Unarmed Combat
  1923 | D:2      | Reached skill level 1 in Invocations
  1923 | D:2      | Reached skill level 1 in Evocations
  1923 | D:2      | Reached XP level 4. HP: 19/38 MP: 11/11
  2092 | D:2      | Found a runed translucent door.
  2093 | D:2      | Noticed Crazy Yiuf
  2411 | D:3      | Noticed Natasha
  2806 | D:3      | Killed Natasha
  2807 | D:3      | Reached skill level 1 in Conjurations
  2807 | D:3      | Reached skill level 1 in Hexes
  2807 | D:3      | Reached skill level 1 in Summonings
  2807 | D:3      | Reached skill level 1 in Necromancy
  2807 | D:3      | Reached skill level 1 in Transmutations
  2807 | D:3      | Reached skill level 1 in Fire Magic
  2807 | D:3      | Reached skill level 1 in Ice Magic
  2807 | D:3      | Reached skill level 1 in Air Magic
  2807 | D:3      | Reached skill level 1 in Earth Magic
  2807 | D:3      | Reached skill level 1 in Poison Magic
  2887 | D:3      | Noticed Ijyb
  2902 | D:3      | Killed Ijyb
  2903 | D:3      | Reached XP level 5. HP: 34/43 MP: 12/12
  3342 | D:3      | Noticed Natasha
  3372 | D:3      | Killed Natasha
  3714 | D:3      | Noticed Natasha
  3736 | D:3      | Killed Natasha
  4467 | D:4      | Noticed Robin
  4480 | D:4      | Reached XP level 6. HP: 35/50 MP: 13/13
  4495 | D:4      | Killed Robin
  4897 | D:4      | Reached skill level 5 in Fighting
  4897 | D:4      | Reached skill level 5 in Polearms
  4897 | D:4      | Reached skill level 5 in Dodging
  4946 | D:4      | Found a glowing drain.
  4950 | D:4      | Noticed a steam dragon
  4957 | D:4      | Killed from afar by a steam dragon

Illustrated notes

Levels and vault maps discovered:
D:1:      dpeg_arrival_round_a, layout_basic,
          shapermc_ecumenical_altar_mp_ritualfount, serial_co_window_serial,
          co_window_paths_a, co_window_paths_a, co_window_paths_b,
          co_window_paths_a, co_window_corner_a, co_window_paths_b,
          co_window_paths_c, co_window_2corner, co_window_corner_ca,
          co_window_broadway_a, co_window_4corner_b, minmay_domino_4
D:2:      layout_basic, small_statue_intersection, uniq_crazy_yiuf_cottage,
          uniq_jessica
D:3:      layout_loops_ring, saegor_snake_ambush, uniq_ijyb, uniq_natasha
D:4:      layout_basic, cheibrodos_sewer_entry_sluice, serial_rivers,
          chequers_serial_rivers_micro_d, chequers_serial_rivers_large_b,
          chequers_serial_rivers_micro_a, chequers_serial_rivers_room_a,
          hangedman_decor_clover_reticule, uniq_robin, uniq_eustachio

Skill      XL: |  1  2  3  4  5  6 |
---------------+-------------------+-----
Spellcasting   | 5 |  5.4
Short Blades   | 1 2 |  2.0
Long Blades    | 1 2 |  2.0
Axes           | 1 2 |  2.0
Maces & Flails | 1 2 |  2.0
Staves         | 1 2 |  2.0
Slings         | 1 2 |  2.0
Bows           | 1 2 |  2.0
Crossbows      | 1 2 |  2.0
Stealth        | 1 2 |  2.0
Shields        | 1 2 |  2.0
Unarmed Combat | 1 2 |  2.0
Invocations    | 1 2 |  2.2
Evocations     | 1 2 |  2.0
Conjurations   | 1 |  1.6
Hexes          | 1 |  1.6
Summonings     | 1 |  1.6
Necromancy     | 1 |  1.6
Transmutations | 1 |  1.6
Fire Magic     | 1 |  1.6
Ice Magic      | 1 |  1.6
Air Magic      | 1 |  1.6
Earth Magic    | 1 |  1.6
Poison Magic   | 1 |  1.6
Throwing       | 3 |  3.3
Armour         | 3 |  3.3
Fighting       | 5 |  5.0
Polearms       | 5 |  5.0
Dodging        | 5 |  5.0
Translocations | |  5.7

Action                   |  1- 3 |  4- 6 || total
-------------------------+-------+-------++-------
Melee: Spear             |    93 |   263 ||   356
       Bite              |     2 |    25 ||    27
       Punch             |     1 |     2 ||     3
       Unarmed           |     3 |       ||     3
Throw: Javelin           |       |    10 ||    10
 Cast: Blink             |       |     1 ||     1
 Stab: Sleeping          |       |     3 ||     3
Armor: Leather armour    |    13 |    42 ||    55
Dodge: Dodged            |    30 |   114 ||   144
